Description

blaaaa

Replay - Rough Winter Easy Zerg

Build Order

Get SALT Encoding   

  12  0:01  Drone  
  13  0:13  Overlord  
  13  0:22  Drone  
  14  0:37  Drone x3  
  17  0:57  Hatchery  
  16  1:05  Extractor  
  15  1:08  Spawning Pool  
  15  1:18  Drone x2  
  16  1:38  Drone x2  
  18  1:52  Drone  
  18  1:53  Overlord  
  21  2:17  Metabolic Boost  
  22  2:24  Queen x2  
  29  3:14  Hatchery  
  30  3:20  Zergling x4  
  36  3:43  Overlord  
  36  4:06  Extractor  
  36  4:07  Roach Warren, Evolution Chamber, Overlord x2  
  40  4:09  Spore Crawler x2  
  40  4:15  Lair  
  40  4:37  Zergling  
  43  4:54  Extractor  
  42  5:06  Queen  
  44  5:11  Lair, Zergling  
  44  5:21  Zergling x2  
  57  6:33  Extractor  
  57  6:37  Zergling x2  
  67  7:11  Zergling x2  
  73  7:28  Roach x3  
  79  7:43  Hydralisk Den  
  77  7:55  Roach x3  
  83  8:07  Zerg Melee Weapons Level 1  
  83  8:13  Glial Reconstitution  
  83  8:16  Hydralisk x4  
  83  8:19  Roach  
  93  8:46  Extractor x2  
  92  8:48  Hydralisk x4  
  92  8:49  Roach x3  
  107  9:27  Hydralisk x2  
  129  9:43  Queen x2  
  133  10:02  Zerg Missile Weapons Level 1  
  199  11:36  Ravager  
  200  11:45  Muscular Augments  
  195  12:06  Ravager x4  
  197  12:40  Ravager x2  
Spawning Tool Build Advisor. Get it on Overwolf

Go to:

Details

  • Created by: frog77
  • Published on: Aug 30, 2020
  • Modified on: Aug 30, 2020
  • Patch: 4.11.0
  • Difficulty: Easy
Show
View Real Time Build Order
Export as new Build Order

Comments (0)

There are no comments. Be the first!

Create an account to comment!